 Dungeon Crawl Stone Soup version 0.20.1-1-g8b1a95d (webtiles) character file.

4373 lorddoru the Whirler (level 10, -7/72 HPs)
             Began as a Halfling Hunter on Oct 13, 2017.
             Mangled by a killer bee (8 damage)
             ... on level 8 of the Dungeon.
             The game lasted 00:51:40 (6608 turns).

lorddoru the Whirler (Halfling Hunter)              Turns: 6608, Time: 00:51:41

Health: -7/72      AC:  8    Str: 13    XL:     10   Next: 60%
Magic:  0/10       EV: 16    Int:  9    God:
Gold:   144        SH:  0    Dex: 19    Spells: 9/9 levels left

rFire    + . .     SeeInvis .   b - +0 short sword
rCold    + . .     Gourm    .   (shield restricted)
rNeg     . . .     Faith    .   c - +1 leather armour
rPois    +         Spirit   +   (no helmet)
rElec    +         Reflect  .   (no cloak)
rCorr    +         Harm     .   m - +0 pair of gloves
MR       .....                  e - +2 pair of boots
Stlth    ++++......             p - amulet of guardian spirit
Regen    0.3/turn               g - ring of stealth
MPRegen  0.2/turn               l - ring of stealth

@: lethally poisoned (-7 -> -11), resistant, very slightly contaminated
A: mutation resistance 1
a: no special abilities


You were on level 8 of the Dungeon.
You were not hungry.

You visited 1 branch of the dungeon, and saw 8 of its levels.

You collected 358 gold pieces.
You spent 214 gold pieces at shops.

Inventory:

Hand Weapons
 a - a +3 hunting sling
 b - a +0 short sword (weapon)
 y - a +0 shortbow
Missiles
 i - 299 stones (quivered)
 z - 150 arrows
Armour
 c - a +1 leather armour (worn)
 e - a +2 pair of boots (worn)
 j - a +0 ring mail
 m - a +0 pair of gloves (worn)
Jewellery
 g - a ring of stealth (left hand)
 l - a ring of stealth (right hand)
 o - an uncursed ring of positive energy {unknown}
 p - an amulet of guardian spirit (around neck)
Wands
 d - a wand of paralysis (3/24)
 f - a wand of flame (5/48)
 C - a wand of confusion (20/48)
 H - a wand of paralysis (14/24)
 I - a wand of clouds (4/9)
Scrolls
 t - a scroll of noise {unknown}
 u - a scroll of enchant armour
 v - 3 scrolls of amnesia
 B - a scroll of teleportation
 E - 4 scrolls of remove curse
Potions
 n - a potion of degeneration {unknown}
 q - 2 potions of cancellation
 r - 2 potions of mutation
 s - a potion of might {unknown}
 w - 3 potions of heal wounds {unknown}
 A - a potion of haste
 J - 2 potions of ambrosia {unknown}
Comestibles
 h - a royal jelly
 k - 32 fruits


   Skills:
 + Level 7.7 Fighting
 + Level 0.5 Short Blades
 + Level 15.4 Slings
 + Level 0.4 Bows
 + Level 3.8 Armour
 + Level 3.5 Dodging
 + Level 3.5 Stealth
 + Level 1.0 Evocations


You had 9 spell levels left.
You didn't know any spells.

Dungeon Overview and Level Annotations

Branches:
Dungeon (8/15)             Temple (0/1) D:7
   Lair: D:8-11

Altars:
Fedhas
The Shining One

Shops:
D:6 [


Innate Abilities, Weirdness & Mutations

You are small and have problems with some larger weapons.
You are somewhat resistant to further mutation.


Message History

You barely miss the killer bee.
You feel sick. The killer bee stings you!
* * * LOW HITPOINT WARNING * * *
The killer bee closely misses you. The killer bee misses you.
The killer bee stings you.
* * * LOW HITPOINT WARNING * * *
The killer bee closely misses you.
The killer bee stings you but does no damage.
The killer bee barely misses you. The killer bee closely misses you.
The killer bee stings you but does no damage.
The killer bee completely misses you.
The killer bee stings you but does no damage.
You hit the killer bee.
The killer bee is moderately wounded.
* * * LOW HITPOINT WARNING * * *
You feel sick. The killer bee misses you. The killer bee barely misses you.
The killer bee closely misses you. x2; The killer bee completely misses you.
The killer bee stings you.
* * * LOW HITPOINT WARNING * * *
The killer bee misses you. The killer bee stings you!
You die...

######(####.##.##.#
#( #.##.##.# #(
#§...##.# #(
###...#.# #.
###...#.#
..####.......#
..........y..#
###...yyy.#
###.y@### #####†..#
##......##
#.......#
#.#####..######
.........#
#.######.# #.####
#.# #....# #.#


You could see 5 killer bees.

Vanquished Creatures
  The ghost of QuCean the Chopper, a novice MiFi of Okawaru (D:6)
  Pikel (D:6)
  A troll (D:7)
  2 hungry ghosts (D:7)
  Duvessa (D:5)
  An ice beast (D:6)
  2 sky beasts
  An orc warrior (D:5)
  A slave (D:6)
  2 phantoms
  4 ogres
  3 centaurs
  7 bullfrogs
  A big kobold (D:8)
  Dowan (D:5)
  A scorpion (D:6)
  A killer bee (D:8)
  2 crimson imps
  A centaur zombie (D:5)
  2 jellies (D:5)
  3 hounds
  5 orc wizards
  3 orc priests
  2 centaur skeletons (D:5)
  A bullfrog skeleton (D:7)
  Natasha (thrice) (D:4)
  11 worker ants
  A howler monkey zombie (D:5)
  2 worker ant zombies
  4 gnolls
  8 adders
  3 oozes
  3 worms
  2 leopard geckos (D:3)
  21 orcs
  2 ball pythons (D:1)
  6 bats
  8 giant cockroaches
  4 hobgoblins
  3 jackals (D:2)
  3 quokkas
  A ball python zombie (D:5)
  5 frilled lizards
  2 giant cockroach zombies (D:5)
  12 goblins
  A jackal zombie (D:7)
  3 kobolds
  A leopard gecko skeleton (D:4)
  8 rats
167 creatures vanquished.

Notes
Turn   | Place    | Note
-------+----------+-------------------------------------------
     0 | D:1      | lorddoru the Halfling Hunter began the quest for the Orb.
     0 | D:1      | Reached XP level 1. HP: 14/14 MP: 1/1
    19 | D:1      | Reached skill level 6 in Slings
   235 | D:1      | Reached XP level 2. HP: 19/19 MP: 2/2
   913 | D:2      | Reached XP level 3. HP: 21/24 MP: 3/3
  1038 | D:2      | Reached skill level 7 in Slings
  1038 | D:2      | Reached XP level 4. HP: 27/29 MP: 4/4
  1260 | D:2      | Reached skill level 1 in Armour
  1546 | D:3      | Reached XP level 5. HP: 34/34 MP: 5/5
  1755 | D:3      | Reached skill level 8 in Slings
  2148 | D:4      | Noticed an ogre
  2153 | D:4      | Killed an ogre
  2153 | D:4      | Reached XP level 6. HP: 41/41 MP: 6/6
  2251 | D:4      | Reached skill level 9 in Slings
  2304 | D:4      | Noticed Natasha
  2309 | D:4      | Killed Natasha
  2505 | D:4      | Found a blossoming altar of Fedhas.
  2516 | D:4      | Reached XP level 7. HP: 37/46 MP: 7/7
  2565 | D:4      | Reached skill level 10 in Slings
  2636 | D:4      | Noticed Natasha
  2642 | D:4      | Killed Natasha
  2942 | D:4      | Noticed Natasha
  2946 | D:4      | Killed Natasha
  3046 | D:5      | Entered Level 5 of the Dungeon
  3089 | D:5      | Reached skill level 11 in Slings
  3089 | D:5      | Reached XP level 8. HP: 52/53 MP: 8/8
  3497 | D:5      | Reached skill level 12 in Slings
  3499 | D:5      | Noticed Duvessa
  3510 | D:5      | Killed Duvessa
  3511 | D:5      | Noticed Dowan
  3521 | D:5      | Killed Dowan
  3643 | D:5      | Found a glowing golden altar of the Shining One.
  3664 | D:5      | Reached skill level 5 in Fighting
  3664 | D:5      | Reached XP level 9. HP: 59/61 MP: 9/9
  4130 | D:6      | Reached skill level 13 in Slings
  4161 | D:6      | Noticed QuCean's ghost (novice MiFi)
  4442 | D:6      | Found Ariuryob's Armour Shoppe.
  4450 | D:6      | Bought a +2 pair of boots for 214 gold pieces
  4514 | D:6      | Killed QuCean's ghost
  4638 | D:6      | Noticed Pikel
  4656 | D:6      | Killed Pikel
  4656 | D:6      | Reached skill level 14 in Slings
  4656 | D:6      | Reached skill level 1 in Evocations
  4894 | D:6      | Reached XP level 10. HP: 62/69 MP: 10/10
  5453 | D:7      | Found a staircase to the Ecumenical Temple.
  5628 | D:7      | Reached skill level 15 in Slings
  6308 | D:7      | Paralysed by fainting for 7 turns
  6607 | D:8      | HP: 3/72 [killer bee (2)]
  6608 | D:8      | HP: 1/72 [killer bee (1)]
  6608 | D:8      | Mangled by a killer bee

Skill      XL: |  1  2  3  4  5  6  7  8  9 10 |
---------------+-------------------------------+-----
Slings         | 6 7 8 9 11 12 14 15 | 15.4
Fighting       | 2 3 5 6 7 |  7.7
Armour         | 1 2 3 |  3.8
Stealth        | 2 3 |  3.5
Dodging        | 3 |  3.5
Evocations     | 1 |  1.0
Short Blades   | |  0.5
Bows           | |  0.4

Action                   |  1- 3 |  4- 6 |  7- 9 | 10-12 || total
-------------------------+-------+-------+-------+-------++-------
Melee: Short sword       |       |       |       |    41 ||    41
       Hunting sling     |       |       |       |    16 ||    16
 Fire: Hunting sling     |    62 |   177 |   375 |   232 ||   846
       Shortbow          |       |       |       |     3 ||     3
Evoke: Wand              |       |       |     2 |     2 ||     4
  Use: Scroll            |       |    10 |     9 |     4 ||    23
       Potion            |       |       |     2 |     2 ||     4
  Eat: Chunk             |       |     5 |     1 |     1 ||     7
       Royal jelly       |       |       |     1 |     3 ||     4
       Meat ration       |       |       |     1 |     1 ||     2
       Bread ration      |       |       |       |     2 ||     2
       Fruit             |       |       |       |     2 ||     2
Armor: Leather armour    |     3 |     7 |    11 |    62 ||    83
Dodge: Dodged            |    14 |    33 |    49 |    90 ||   186
